 Dungeon Crawl Stone Soup version 0.30-a0-557-ge2afbf3030 (webtiles) character file.

Game seed: 15244272819856632253

39 arthad the Digger (level 3, 0/19 HPs)
             Began as a Gargoyle Earth Elementalist on Dec 27, 2022.
             Killed from afar by an orc wizard (13 damage)
             ... with a puff of flame
             ... on level 2 of the Dungeon.
             The game lasted 00:02:13 (1608 turns).

arthad the Digger (Gargoyle Earth Elementalist)     Turns: 1608, Time: 00:02:13

Health: 0/19       AC:  5    Str: 11    XL:     3   Next: 47%
Magic:  1/6        EV: 12    Int: 17    God:
Gold:   105        SH:  0    Dex: 10    Spells: 6/7 levels left

rFire   . . .      SeeInvis .    d - staff of poison
rCold   . . .      Faith    .    (no shield)
rNeg    + . .      Spirit   .    a - +0 robe
rPois   ∞          Reflect  .    (no helmet)
rElec   +          Harm     .    (no cloak)
rCorr   .          Rampage  .    (no gloves)
Will    .....                    (no boots)
Stlth   ++                       (no amulet)
HPRegen 0.23/turn                (no ring)
MPRegen 0.10/turn                (no ring)

@: very slightly contaminated
A: sickness immunity, AC +3, negative energy resistance 1, electricity
resistance, torment resistance 1, petrification resistance
a: no special abilities


You were on level 2 of the Dungeon.
You visited 1 branch of the dungeon, and saw 2 of its levels.

You collected 105 gold pieces.

Inventory:

Missiles
 k - 4 poisoned darts
Armour
 a - a +0 robe (worn)
Magical Staves
 d - a staff of poison (weapon)
Scrolls
 c - 4 scrolls of identify {unknown}
 g - 2 scrolls of vulnerability {unknown}
 j - a scroll of noise {unknown}
Potions
 b - 2 potions of magic
 e - a potion of ambrosia {unknown}
 f - 2 potions of curing {unknown}
 h - a potion of brilliance {unknown}
 i - a potion of flight {unknown}


   Skills:
 + Level 1.8 Dodging
 * Level 2.8 Stealth
 * Level 2.5 Spellcasting
 + Level 1.0 Transmutations
 * Level 4.1 Earth Magic


You had 6 spell levels left.
You knew the following spells:

 Your Spells              Type           Power      Damage    Failure   Level
a - Sandblast             Erth           32%        2d9       3%          1

Your spell library contained the following spells:

 Spells                   Type           Power      Damage    Failure   Level
 Passwall                 Tmut/Erth      8%         N/A       10%         2
 Stone Arrow              Conj/Erth      18%        3d8       24%         3
 Petrify                  Tmut/Erth      10%        N/A       54%         4


Dungeon Overview and Level Annotations

Branches:
Dungeon (2/15)

Altars:
Kikubaaqudgha


Innate Abilities, Weirdness & Mutations

You are immune to sickness and miasma.
Your stone body is resilient. (AC +3)
You are immune to poison.
You resist negative energy. (rN+)
You are resistant to electric shocks. (rElec)
You are resistant to unholy torment.
You are immune to petrification.


Message History

An orc comes into view. It is wielding a +0 club.
The orc shouts!
The orc wizard shouts!
An orc comes into view. It is wielding a +0 whip.
The orc shouts!
The blast of sand hits the orc!
You kill the orc!
The orc wizard mumbles some strange words.
The orc wizard flickers and vanishes!
Deactivating autopickup; reactivate with Ctrl-A.
The blast of sand hits the orc.
You kill the orc!
You can't see any susceptible monsters within range! (Use Z to cast anyway.)
You can't see any susceptible monsters within range! (Use Z to cast anyway.)
Aiming: Sandblast (safe; 3% risk of failure)
Press: ? - help, Q - select action, (/) - cycle Shift-Dir - straight line, f - you You hear some strange, mumbled words.
Something tries to affect you, but you resist.
Aiming: Sandblast (safe; 3% risk of failure)
Press: ? - help, Q - select action, (/) - cycle Shift-Dir - straight line, f - you You miscast Sandblast.
You are very lightly contaminated with residual magic.
Nothing appears to happen.
You hear some strange, mumbled words.
Something tries to affect you, but you resist.
Aiming: Sandblast (safe; 3% risk of failure)
Press: ? - help, Q - select action, (/) - cycle Shift-Dir - straight line, f - you The blast of sand hits something.
Something hits you but does no damage.
Aiming: Sandblast (safe; 3% risk of failure)
Press: ? - help, Q - select action, (/) - cycle Shift-Dir - straight line Something hits you but does no damage.
You hear some strange, mumbled words.
A magic dart appears from out of thin air!
The magic dart hits you!
You barely miss something.
You hear some strange, mumbled words.
A puff of flame appears from out of thin air!
The puff of flame hits you!
Ouch! That really hurt!
You die...

.##### #......#
.#...# #......#
.#...# ##......#
.#...# #.......#
.#...#
####.......##
.#...#
##....#..##..#
.#...#
##..####.##...#
.#...###..##
#.#..#.#
.#.......##
#.@{...#
..####....#
#..##)###
#.###..##.####.##
..
#.....###......#
##
....#######....#
# .#.##
#....#..#.# .#.#
#.####....#...
##.#
#.###........_
##.#
#.##....###...


There were no monsters in sight!

Vanquished Creatures
  2 dart slugs (D:1)
  2 orcs (D:2)
  An endoplasm (D:2)
  A giant cockroach (D:1)
  2 goblins (D:1)
  6 hobgoblins
  2 kobolds (D:1)
  4 quokkas
  2 ball pythons
  3 bats
  3 frilled lizards
  2 rats (D:1)
30 creatures vanquished.

Notes
Turn   | Place    | Note
-------+----------+-------------------------------------------
     0 | D:1      | arthad the Gargoyle Earth Elementalist began the quest for
                  | the Orb.
     0 | D:1      | Reached XP level 1. HP: 10/10 MP: 3/3
   203 | D:1      | Reached XP level 2. HP: 15/15 MP: 1/5
   477 | D:1      | Reached skill level 1 in Transmutations
   499 | D:1      | Reached skill level 4 in Earth Magic
   731 | D:1      | Reached XP level 3. HP: 19/19 MP: 2/6
  1429 | D:2      | Found an ancient bone altar of Kikubaaqudgha.
  1608 | D:2      | Killed from afar by an orc wizard

Illustrated notes

Levels and vault maps discovered:
D:1:      eino_arrival_cavern_e, layout_loops_corners, serial_aquarium,
          aquarium_bridge_straight [aquarium_subvault_bridge,
          aquarium_subvault_window, aquarium_subvault_bridge,
          aquarium_subvault_wall], aquarium_window_corner,
          aquarium_window_corridor_1, aquarium_view_2b, aquarium_view_2d,
          aquarium_balcony_5a
D:2:      layout_rooms, basic_altar

Skill      XL: |  1  2 |
---------------+-------+-----
Transmutations | 1 |  1.0
Earth Magic    | 4 |  4.1
Dodging        | |  1.8
Stealth        | |  2.8
Spellcasting   | |  2.5

Action                   || total
-------------------------++-------
Melee: Staff             ||     1
 Cast: Sandblast         ||    39
Armor: Robe              ||     4
Dodge: Dodged            ||     2

Table legend: (Time is in decaauts)
 A = Elapsed time spent in this place.
 B = Non-inter-level travel time spent in this place.
 C = Inter-level travel time spent in this place.
 D = Time resting spent in this place.
 E = Time spent auto-exploring this place.
 F = Levels seen in this place.
 G = Mean time per level.
                   A        B        C        D        E       F      G
               +--------+--------+--------+--------+--------+-----+--------+
         Total |   1626 |   1561 |     65 |      0 |   1410 |   2 |  813.0 |
       Dungeon |   1626 |   1561 |     65 |      0 |   1410 |   2 |  813.0 |
               +--------+--------+--------+--------+--------+-----+--------+

Top non-repeatable levels by time:
     D:1: 1232 daAuts
     D:2: 394 daAuts
